 Dungeon Crawl Stone Soup version 0.15-a0-1766-g0ee8742 (webtiles) character file.

49 Persuasio the Covered (level 4, -6/35 HPs)
             Began as a Human Fighter on June 28, 2014.
             Killed by divine providence
             ... invoked by an orc priest
              (12 damage)
             ... on Level 3 of the Dungeon.
             The game lasted 00:13:35 (2168 turns).

Persuasio the Covered (Human Fighter)               Turns: 2168, Time: 00:13:35

HP  -6/35        AC  8     Str 17      XL: 4   Next:  1%
MP   4/4         EV  7     Int  8      God:
Gold 81          SH 10     Dex 13      Spells:  0 memorised,  3 levels left

rFire  + . .     SeeInvis .     a - +1 long sword
rCold  . . .     Clarity  .     h - +2 ring mail {rF+}
rNeg   . . .     rCorr    .     c - +1 shield
rPois  .         rRot     .     (no helmet)
rElec  .         Spirit   .     n - +0 cloak
SustAb .         Warding  .     (no gloves)
rMut   .         Stasis   +     (no boots)
Gourm  .                        i - amulet of stasis
MR     .....                    (no ring)
                                (no ring)

@: not resistant to hostile enchantments, very unstealthy
A: no striking features
a: no special abilities


You were on level 3 of the Dungeon.
You were not hungry.

You visited 1 branch of the dungeon, and saw 3 of its levels.

You collected 81 gold pieces.

Inventory:

Hand weapons
 a - a +1 long sword (weapon)
 o - a +1 dagger of venom
 q - a +0 sling
Missiles
 k - 19 sling bullets
 l - 16 stones (quivered)
 r - 3 poisoned tomahawks
Armour
 b - a +0 scale mail
 c - a +1 shield (worn)
 h - a +2 ring mail of fire resistance (worn)
 j - a +0 shield
 n - a +0 cloak (worn)
 w - a +0 pair of gloves
 x - a +0 chain mail
Comestibles
 d - 2 bread rations
 s - a slice of pizza
Scrolls
 g - a scroll of noise
 t - 2 scrolls of remove curse
 u - a scroll of enchant armour
Jewellery
 i - an amulet of stasis (around neck)
Potions
 e - 2 potions of might
 m - a potion of resistance {unknown}
 p - 2 potions of haste {unknown}
 v - a potion of agility {unknown}


   Skills:
 + Level 3.1 Fighting
 * Level 2.6 Long Blades
 * Level 0.6(0.7) Slings
 * Level 0.8(0.9) Throwing
 * Level 3.4 Armour
 + Level 0.2 Dodging
 + Level 0.2 Stealth
 + Level 3.2 Shields


You had 3 spell levels left.
You didn't know any spells.

Dungeon Overview and Level Annotations

Branches:
Dungeon (3/15)

Altars:
Elyvilon
Yredelemnul
Zin
The Shining One


Message History

Something smites you!
* * * LOW HITPOINT WARNING * * *
You block the hobgoblin's attack.
You slash the hobgoblin!
You kill the hobgoblin!
You have reached level 4!
You feel agile.
You hit the orc priest but do no damage.
The orc priest calls down the wrath of Beogh upon you.
Pain shoots through your body!
* * * LOW HITPOINT WARNING * * *
The orc priest barely misses you.
Drink which item? (? for menu, Esc to quit)
You feel better.
You closely miss the orc priest.
The orc priest hits you with a runed flail.
* * * LOW HITPOINT WARNING * * *
The orc priest invokes the aid of Beogh against you.
Something smites you!
You die...

#....##.# ## ##
#......## ###. #..
#.......#####... #..
#........##.....
#..###....%..........
#........###..##.....
#(#...................
g....##o........#.......
... #@.....$..#.......
#.........#......#
..........$........
...#................
..###.........#.....# ..
?......... ..! ..
....... .##.#


You could see an orc priest.

Vanquished Creatures
  3 giant geckos
  3 giant cockroaches
  7 goblins
  6 hobgoblins
  6 jackals (D:2)
  2 bats (D:1)
  4 giant newts
  10 kobolds
  5 rats
46 creatures vanquished.

Notes
Turn   | Place    | Note
--------------------------------------------------------------
     0 | D:1      | Persuasio, the Human Fighter, began the quest for the Orb.
     0 | D:1      | Reached XP level 1. HP: 18/18 MP: 1/1
   249 | D:1      | Reached XP level 2. HP: 20/24 MP: 2/2
  1020 | D:1      | Reached XP level 3. HP: 25/29 MP: 3/3
  1807 | D:2      | Found a white marble altar of Elyvilon.
  1808 | D:2      | Found a glowing golden altar of the Shining One.
  1809 | D:2      | Found a glowing silver altar of Zin.
  2070 | D:3      | Found a basalt altar of Yredelemnul.
  2165 | D:3      | Reached XP level 4. HP: 9/35 MP: 4/4
  2168 | D:3      | Killed from afar by an orc priest

Action                   |  1- 3 |  4- 6 || total
-------------------------+-------+-------++-------
Melee: Long sword        |   158 |     2 ||   160
 Fire: Sling             |     5 |       ||     5
  Use: Potion            |     1 |     1 ||     2
       Scroll            |     9 |       ||     9
